 Dungeon Crawl Stone Soup version 0.24.1-4-ge52af88ad5 (webtiles) character file.

Game seed: 11163153274663195750, levelgen mode: deterministic

1033 Curus the Carver (level 8, -2/96 HPs)
             Began as a Minotaur Berserker on Apr 13, 2020.
             Was an Elder of Trog.
             Slain by a gnoll
             ... wielding a +0 halberd
              (8 damage)
             ... on level 5 of the Dungeon.
             The game lasted 00:18:13 (2866 turns).

Curus the Carver (Minotaur Berserker)               Turns: 2866, Time: 00:18:15

Health: -2/96      AC:  8    Str: 28    XL:     8   Next: 3%
Magic:  7/7        EV:  8    Int:  6    God:    Trog [****..]
Gold:   94         SH:  2    Dex:  9    Spells: 7/7 levels left

rFire    . . .     SeeInvis .   l - +6 scimitar (slice)
rCold    . . .     Gourm    .   e - +0 buckler
rNeg     . . .     Faith    .   h - +0 chain mail
rPois    +         Spirit   .   (helmet restricted)
rElec    .         Reflect  .   (no cloak)
rCorr    .         Harm     .   (no gloves)
MR       .....                  (no boots)
Stlth    ..........             (no amulet)
HPRegen  0.26/turn              j - ring of poison resistance
MPRegen  0.10/turn              (no ring)

@: berserking (expiring), very quick
A: retaliatory headbutt, horns 2
a: Berserk, Trog's Hand, Brothers in Arms, Renounce Religion


You were on level 5 of the Dungeon.
You worshipped Trog.
Trog was greatly pleased with you.
You were very hungry.

You visited 1 branch of the dungeon, and saw 5 of its levels.

You collected 94 gold pieces.

Inventory:

Hand Weapons
 a - a +0 falchion
 l - a +6 scimitar of slicing (weapon)
Armour
 b - a +0 animal skin
 d - a +0 leather armour
 e - a +0 buckler (worn)
 f - a +0 ring mail
 h - a +0 chain mail (worn)
Jewellery
 j - a ring of poison resistance (left hand)
Scrolls
 g - 2 scrolls of remove curse
 k - 3 scrolls of identify
Potions
 i - a potion of curing
Comestibles
 c - 7 rations
 m - 5 chunks of flesh


   Skills:
 - Level 3.6 Fighting
 + Level 11.5 Long Blades
 - Level 2.4 Armour
 - Level 2.1 Dodging


You had 7 spell levels left.
You didn't know any spells.
Your spell library was empty.

Dungeon Overview and Level Annotations

Branches:
Dungeon (5/15)
 Temple: D:4-7

Altars:
Kikubaaqudgha


Innate Abilities, Weirdness & Mutations

You reflexively headbutt those who attack you in melee.
You have a pair of horns on your head.


Message History

Found a war axe.
There is an open door, spattered with blood here.
Items here: )) [ †† a cursed -3 flail; a +0 whip; a +0 leather armour; a gnoll corpse x2
You slice the gnoll!!
You kill the gnoll!
Trog accepts your kill.
You slash the gnoll!
You kill the gnoll!
Trog accepts your kill. The gnoll hits you but does no damage.
The gnoll hits you with a +0 whip.
* * * LOW HITPOINT WARNING * * *
You are feeling very hungry.
You barely miss the gnoll. You headbutt the gnoll!
You kill the gnoll!
Trog accepts your kill.
The gnoll hits you from afar with a +0 halberd!
* * * LOW HITPOINT WARNING * * *
The gnoll hits you from afar with a +0 halberd!
You die...

###############
#+#....'))†.....#
#.#....###@######
#.#....#.#g)......
#.###'##)#g.g.[...
#...)..#.#........
#......#.+........
#.#######################
#)#..........)#....#.....
#.'.........))'†.).'.....
###'#...........#....#.....


You could see 3 gnolls.

Vanquished Creatures
  A phantom (D:4)
  A sky beast (D:3)
  Blork the orc (D:4)
  A gnoll sergeant (D:5)
  A scorpion (D:4)
  An orc priest (D:4)
  2 gnoll shamans (D:5)
  2 hounds
  An orc wizard (D:3)
  An iguana (D:4)
  Robin (D:4)
  27 gnolls
  5 adders
  An ooze (D:4)
  4 worms
  6 dart slugs
  A leopard gecko (D:3)
  14 orcs
  9 bats
  3 giant cockroaches
  16 goblins
  11 hobgoblins
  16 jackals
  7 kobolds
  A ball python (D:2)
  4 frilled lizards
  6 rats
144 creatures vanquished.

Notes
Turn   | Place    | Note
-------+----------+-------------------------------------------
     0 | D:1      | Curus the Minotaur Berserker began the quest for the Orb.
     0 | D:1      | Reached XP level 1. HP: 19/19 MP: 0/0
    96 | D:1      | Reached skill level 4 in Long Blades
   140 | D:1      | Reached XP level 2. HP: 23/26 MP: 1/1
   400 | D:1      | Reached skill level 5 in Long Blades
   581 | D:1      | Reached XP level 3. HP: 29/31 MP: 2/2
   860 | D:2      | Reached ** piety under Trog
   957 | D:2      | Found an ancient bone altar of Kikubaaqudgha.
   998 | D:2      | Found a faded altar of an unknown god.
  1104 | D:2      | Reached skill level 6 in Long Blades
  1104 | D:2      | Reached XP level 4. HP: 28/39 MP: 3/3
  1642 | D:3      | Noticed a sky beast
  1652 | D:3      | Reached XP level 5. HP: 23/45 MP: 4/4
  1653 | D:3      | Killed a sky beast
  1653 | D:3      | Reached skill level 7 in Long Blades
  1793 | D:3      | Reached skill level 8 in Long Blades
  1827 | D:3      | Reached XP level 6. HP: 29/51 MP: 5/5
  1852 | D:3      | Reached *** piety under Trog
  2277 | D:4      | Noticed Blork the orc
  2289 | D:4      | Killed Blork the orc
  2289 | D:4      | Reached skill level 9 in Long Blades
  2312 | D:4      | Reached XP level 7. HP: 33/57 MP: 6/6
  2422 | D:4      | Noticed Robin
  2435 | D:4      | Killed Robin
  2435 | D:4      | Reached skill level 10 in Long Blades
  2715 | D:5      | Entered Level 5 of the Dungeon
  2723 | D:5      | Reached **** piety under Trog
  2848 | D:5      | Reached skill level 11 in Long Blades
  2863 | D:5      | Reached XP level 8. HP: 18/64 MP: 7/7
  2866 | D:5      | Slain by a gnoll

Levels and vault maps discovered:
D:1:      ncdulo_lavacross, layout_loops_corners
D:2:      layout_loops_ring, nicolae_overflow_crystal_walls,
          chequers_ecumenical_altar_simple
D:3:      layout_loops_ring
D:4:      layout_rooms, uniq_robin, uniq_blork_the_orc
D:5:      lemuel_castle_with_subvaults [lemuel_castle_interior_carwin_1],
          layout_basic, lemuel_zombie_altar_yredelemnul, first_ration,
          uniq_prince_ribbit1

Skill      XL: |  1  2  3  4  5  6  7 |
---------------+----------------------+-----
Long Blades    | 4 5 6 8 9 11 | 11.5
Fighting       | |  3.6
Armour         | |  2.4
Dodging        | |  2.1

Action                   |  1- 3 |  4- 6 |  7- 9 || total
-------------------------+-------+-------+-------++-------
Melee: Falchion          |    98 |   117 |       ||   215
       Headbutt          |    14 |    22 |    17 ||    53
       Scimitar          |       |     1 |   105 ||   106
Invok: Berserk           |       |     2 |     2 ||     4
  Use: Potion            |     2 |     1 |       ||     3
       Scroll            |     4 |     1 |     2 ||     7
  Eat: Chunk             |       |     6 |     3 ||     9
Armor: Leather armour    |     4 |       |       ||     4
       Animal skin       |     1 |       |       ||     1
       Ring mail         |     9 |       |       ||     9
       Chain mail        |    19 |    47 |    54 ||   120
Dodge: Dodged            |    39 |    42 |    32 ||   113
Block: Buckler           |     8 |    12 |    10 ||    30
       Rpst.: Falchion   |     7 |     5 |       ||    12
       Scimitar          |       |       |     7 ||     7
